 Dungeon Crawl Stone Soup version 0.24.0-123-gd5b16e6ec5 (webtiles) character file.

Game seed: 12588201377420996553, levelgen mode: deterministic

39 Nattfarinn the Caller (level 3, 0/36 HPs)
             Began as a Barachi Summoner on Jan 19, 2020.
             Succumbed to an adder's poison
             ... on level 2 of the Dungeon.
             The game lasted 00:02:52 (1591 turns).

Nattfarinn the Caller (Barachi Summoner)            Turns: 1591, Time: 00:02:52

Health: 0/36       AC: 21    Str:  9    XL:     3   Next: 45%
Magic:  4/7        EV:  2    Int: 16    God:
Gold:   103        SH:  0    Dex: 12    Spells: 4/7 levels left

rFire    . . .     SeeInvis .   b - +0 dagger
rCold    . . .     Gourm    .   (no shield)
rNeg     + + +     Faith    .   (armour currently unavailable)
rPois    +         Spirit   .   (helmet currently unavailable)
rElec    .         Reflect  .   (cloak currently unavailable)
rCorr    .         Harm     .   (gloves currently unavailable)
MR       .....     NoTele   +   (boots currently unavailable)
Stlth    ++........             (no amulet)
HPRegen  0.12/turn              (no ring)
MPRegen  0.10/turn              (no ring)

@: lethally poisoned (0 -> -11), tree-form
A: +LOS, swims
a: no special abilities


You were on level 2 of the Dungeon.
You were not hungry.
You were a tree.
You visited 1 branch of the dungeon, and saw 2 of its levels.

You collected 103 gold pieces.

Inventory:

Hand Weapons
 b - a +0 dagger (weapon)
Armour
 a - a +0 robe (melded)
Jewellery
 k - a cursed ring of wizardry {unknown}
Scrolls
 e - a scroll of fog {unknown}
 h - a scroll of teleportation {unknown}
 i - 2 scrolls of remove curse {unknown}
 m - a scroll of enchant weapon {unknown}
Potions
 g - a potion of heal wounds {unknown}
 l - a potion of might {unknown}
Comestibles
 c - 6 rations


   Skills:
 - Level 2.1 Dodging
 - Level 1.7 Stealth
 + Level 2.8 Spellcasting
 * Level 5.8 Summonings


You had 4 spell levels left.
You knew the following spells:

 Your Spells              Type           Power        Failure   Level  Hunger
a - Summon Small Mammal   Summ           ###.         1%          1    #......
b - Call Imp              Summ           ###.....     2%          2    ##.....

Your spell library contained the following spells:

 Spells                   Type           Power        Failure   Level  Hunger
 Call Canine Familiar     Summ           ###.....     5%          3    ###....
 Summon Guardian Golem    Hex/Summ       ##......     17%         3    ###....
 Summon Ice Beast         Ice/Summ       ##......     50%         4    #####..
 Summon Lightning Spire   Summ/Air       ##......     50%         4    #####..


Dungeon Overview and Level Annotations

Branches:
Dungeon (2/15)

Altars:


Innate Abilities, Weirdness & Mutations

Shadows flee at your approach. (+LOS)
You can swim through water.
((You cover ground slowly.))
((You can hop short distances.))


Message History

You hit the adder but do no damage.
The adder is almost dead.
The adder bites you but does no damage. The adder bites you.
* * * LOW HITPOINT WARNING * * *
You are more poisoned.
The adder poisons you!
Your shadow imp gestures at the adder.
The adder barely resists.
Your crimson imp closely misses the adder.
You closely miss the adder.
The adder is almost dead.
* * * LOW HITPOINT WARNING * * *
You feel sick. The adder bites you.
* * * LOW HITPOINT WARNING * * *
You are more poisoned.
The adder poisons you!
Your crimson imp hits the adder.
The adder dies!
It was a potion of lignification.
You turn into a tree.
Your +0 robe melds into your body.
Your roots penetrate the ground.
You die...

#..#.# #..#..#
##....##.# .....#.#
#.###.#######....# ..###
#.# #.# #...### ###..# .
#.# ##.#####...## #..#
#.# ##...####....#######
#>###.........#.....####
#.##.......####.(##....#
...........# ##..####.#
.......5♣..# ##.####.##
....#.....## #........
.......5...# ###.≈≈≈≈.
...........# #.≈....
####.......# ##≈≈≈≈.
##.....## ###### ##...##
#####


You could see a friendly crimson imp and a friendly shadow imp.

Vanquished Creatures
  An adder (D:2)
  A dart slug (D:1)
  5 bats
  3 hobgoblins
  2 goblins
  8 rats
20 creatures vanquished.

Vanquished Creatures (collateral kills)
  An adder (D:2)
  An ooze (D:1)
  A dart slug (D:1)
  3 hobgoblins (D:1)
  2 kobolds (D:2)
8 creatures vanquished.

Grand Total: 28 creatures vanquished

Notes
Turn   | Place    | Note
-------+----------+-------------------------------------------
     0 | D:1      | Nattfarinn the Barachi Summoner began the quest for the
                  | Orb.
     0 | D:1      | Reached XP level 1. HP: 13/13 MP: 3/3
    69 | D:1      | Reached skill level 5 in Summonings
   433 | D:1      | Reached XP level 2. HP: 13/19 MP: 0/5
   437 | D:1      | Learned a level 2 spell: Call Imp
  1316 | D:2      | Reached XP level 3. HP: 23/24 MP: 6/6
  1590 | D:2      | HP: 1/24 [adder (2)]
  1591 | D:2      | Succumbed to an adder's poison

Levels and vault maps discovered:
D:1:      lemuel_arrival_behind_the_door_large, layout_loops_ring
D:2:      layout_rooms, chequers_serial_rivers_micro_d, uniq_natasha

Skill      XL: |  1 |
---------------+----+-----
Summonings     | 5 |  5.8
Dodging        | |  2.1
Stealth        | |  1.7
Spellcasting   | |  2.8

Action                   || total
-------------------------++-------
Melee: Dagger            ||   118
       Unarmed           ||     7
 Cast: Summon Small Mamm ||     7
       Call Imp          ||     7
  Use: Potion            ||     3
 Stab: Sleeping          ||     1
  Eat: Chunk             ||     3
Armor: Robe              ||    20
Dodge: Dodged            ||    90
